 Dungeon Crawl Stone Soup version 0.30-a0-1124-g6e8f0f562f (webtiles) character file.

Game seed: 4805476620728457632

55 BlueFish the Trooper (level 3, -7/26 HPs)
             Began as an Octopode Fighter on Apr 24, 2023.
             Killed from afar by Natasha (9 damage)
             ... with a magic dart
             ... on level 2 of the Dungeon.
             The game lasted 00:02:56 (883 turns).

BlueFish the Trooper (Octopode Fighter)              Turns: 883, Time: 00:02:56

Health: -7/26      AC:  1    Str: 17    XL:     3   Next: 93%
Magic:  3/3        EV: 13    Int: 10    God:
Gold:   74         SH:  4    Dex: 11    Spells: 2/2 levels left

rFire   . . .        n - +0 whip
rCold   . . .        b - +0 buckler
rNeg    . . .        (helmet restricted)
rPois   .            (no amulet)
rElec   .            (no ring)
rCorr   .            (no ring)
SInv    .            (no ring)
Will    .....        (no ring)
Stlth   +++          (no ring)
HPRegen 0.24/turn    (no ring)
MPRegen 0.08/turn    (no ring)
                     (no ring)

%: no passive effects
@: no status effects
A: almost no armour, amphibious, 8 rings, camouflage 1, gelatinous body 1,
(nimble swimmer 1), tentacles
a: no special abilities


You were on level 2 of the Dungeon.
You visited 1 branch of the dungeon, and saw 2 of its levels.

You collected 74 gold pieces.

Inventory:

Hand Weapons
 a - a +0 flail
 n - a +0 whip (weapon)
Missiles
 l - 16 stones (quivered)
 m - 6 poisoned darts
Armour
 b - a +0 buckler (worn)
Jewellery
 d - a ring of resist corrosion
Scrolls
 f - 2 scrolls of identify {unknown}
 g - a scroll of teleportation {unknown}
 h - a scroll of vulnerability {unknown}
 i - a scroll of amnesia {unknown}
 j - a scroll of fog {unknown}
Potions
 c - a potion of might
 e - 2 potions of curing {unknown}
 k - 2 potions of lignification {unknown}


   Skills:
 + Level 3.3 Fighting
 + Level 2.3 Maces & Flails
 + Level 0.5 Throwing
 + Level 3.2 Dodging
 * Level 2.6 Stealth
 + Level 3.2 Shields


You had 2 spell levels left.
You didn't know any spells.
Your spell library was empty.

Dungeon Overview and Level Annotations

Branches:
Dungeon (2/15)

Altars:

Annotations:
D:2 Natasha, Terence


Innate Abilities, Weirdness & Mutations

You cannot wear most types of armour.
You are amphibious.
You can wear up to eight rings at the same time.
Your skin changes colour to match your surroundings (Stealth+).
Your rubbery body absorbs attacks. (AC +1, EV +1)
((You are camouflaged when in or above water. (Stealth+)))
You have tentacles for arms and can constrict up to eight enemies at once.


Message History

Found a stone staircase leading down.
Found an escape hatch in the ceiling.
A rat comes into view.
Found a whip.
Found 17 gold pieces.
Found a leather armour.
The rat barely misses you.
You hit the rat.
You kill the rat!
Found an escape hatch in the floor.
Natasha, Servant of Life and Death comes into view.
You see here 17 gold pieces.
You see here 17 gold pieces.
You now have 74 gold pieces (gained 17).
Natasha hisses angrily.
Natasha stares at you and mumbles some strange words.
The magic dart hits you. Natasha closely misses you.
You barely miss Natasha. You grab Natasha. You squeeze Natasha.
Natasha is lightly wounded.
You constrict Natasha. Natasha claws you!
You hit Natasha. You squeeze Natasha!
Natasha is almost dead.
You constrict Natasha. Natasha claws you!
* * * LOW HITPOINT WARNING * * *
You hit Natasha.
You kill Natasha!
Natasha yowls pathetically as she dies!
Natasha, Servant of Life and Death comes into view.
Okay, then.
Okay, then.
A kobold comes into view. It is wielding a +0 dagger.
Natasha stares at you and mumbles some strange words.
You resist with significant effort.
Natasha stares at you and mumbles some strange words.
The magic dart hits you!
* * * LOW HITPOINT WARNING * * *
Natasha casts a spell at you. The magic dart hits you!
You die...

#...###.# #.#.....#
####.######## ..
#....#....)<##.#
#.####.#......[### .
#......>.......h> ..
######..#.####.###...
##.#............
######@........
#...?....K #.........
#......... #†...!.###
#......# #......#
#.#.#### #...#


You could see Natasha.

Vanquished Creatures
  Natasha (D:2)
  An adder (D:2)
  A worm (D:2)
  2 endoplasms (D:1)
  2 jackals (D:1)
  3 kobolds
  5 bats
  A frilled lizard (D:1)
  2 goblins (D:2)
  3 rats
21 creatures vanquished.

Notes
Turn   | Place    | Note
-------+----------+-------------------------------------------
     0 | D:1      | BlueFish the Octopode Fighter began the quest for the Orb.
     0 | D:1      | Reached XP level 1. HP: 16/16 MP: 1/1
   103 | D:1      | Reached skill level 1 in Stealth
   200 | D:1      | Reached XP level 2. HP: 21/21 MP: 2/2
   733 | D:2      | Noticed Terence
   757 | D:2      | Reached XP level 3. HP: 14/26 MP: 3/3
   868 | D:2      | Noticed Natasha
   878 | D:2      | Killed Natasha
   880 | D:2      | Noticed Natasha
   883 | D:2      | Killed from afar by Natasha

Illustrated notes

Levels and vault maps discovered:
D:1:      minmay_arrival_three_doors, layout_basic, minmay_misc_feat_roman
D:2:      layout_basic, uniq_natasha, uniq_terence

Skill      XL: |  1  2 |
---------------+-------+-----
Stealth        | 1 2 |  2.6
Fighting       | |  3.3
Maces & Flails | |  2.3
Throwing       | |  0.5
Dodging        | |  3.2
Shields        | |  3.2

Action                     || total
---------------------------++-------
  Melee: Flail             ||    26
         Constrict         ||     6
         Punch             ||     2
         Whip              ||    19
         Tentacles         ||     4
   Stab: Sleeping          ||     7
 Armour: Skin              ||     3
  Dodge: Dodged            ||    22
  Block: Buckler           ||     6

Table legend: (Time is in decaauts)
 A = Elapsed time spent in this place.
 B = Non-inter-level travel time spent in this place.
 C = Inter-level travel time spent in this place.
 D = Time resting spent in this place.
 E = Time spent auto-exploring this place.
 F = Levels seen in this place.
 G = Mean time per level.
                   A        B        C        D        E       F      G
               +--------+--------+--------+--------+--------+-----+--------+
         Total |    891 |    826 |     65 |     33 |    570 |   2 |  445.5 |
       Dungeon |    891 |    826 |     65 |     33 |    570 |   2 |  445.5 |
               +--------+--------+--------+--------+--------+-----+--------+

Top non-repeatable levels by time:
     D:1: 603 daAuts
     D:2: 288 daAuts
